 Dungeon Sprint DCSS version 0.28.0-43-g3370ac3207 (webtiles) character file.

Game seed: 15826723835854503376

162 Groucho the Covert (level 5, 0/25 (28) HPs)
             Began as a Spriggan Enchanter on Mar 27, 2022.
             Slain by a necrophage (5 damage)
             ... in the Dungeon (Sprint II: "The Violet Keep of Menkaure").
             The game lasted 00:00:40 (66 turns).

Groucho the Covert (Spriggan Enchanter)               Turns: 66, Time: 00:00:41

HP:   0/25 (28)     AC:  2    Str:  6    XL:     5   Next: 19%
MP:   10/13         EV: 19    Int: 17    God:
Gold: 0             SH:  0    Dex: 15    Spells: 14/14 levels left

rFire   . . .      SeeInvis +   a - +1 dagger
rCold   . . .      Faith    .   (no shield)
rNeg    . . .      Spirit   .   b - +0 robe
rPois   .          Reflect  .   (helmet restricted)
rElec   .          Harm     .   (no cloak)
rCorr   .          Rampage  .   (gloves unavailable)
Will    .....      NoTele   +   (boots unavailable)
Stlth   ++++......              (no amulet)
HPRegen 0.08/turn               (no ring)
MPRegen 0.13/turn               (no ring)

@: on berserk cooldown, hasted, heavily drained, very quick
A: very small, no large weapons, unfitting armour, see invisible, speed 3
a: no special abilities


You were in the Dungeon.
You visited 1 branch

Inventory:

Hand Weapons
 a - a +1 dagger (weapon)
Armour
 b - a +0 robe (worn)
Scrolls
 i - a scroll of blinking
Potions
 c - a potion of invisibility
 g - 2 potions of magic


   Skills:
 + Level 3.0 Fighting
 + Level 4.3 Short Blades
 + Level 5.8 Dodging
 * Level 9.8 Stealth
 + Level 5.4 Spellcasting
 + Level 5.9 Hexes


You had 14 spell levels left.
You didn't know any spells.
Your spell library contained the following spells:

 Spells                   Type           Power      Damage    Failure   Level
 Confusing Touch          Hex            24%        N/A       3%          3
 Tukima's Dance           Hex            24%        N/A       3%          3
 Ensorcelled Hibernation  Hex/Ice        28%        N/A       6%          2
 Dazzling Flash           Conj/Hex       28%        N/A       12%         3


Dungeon Overview and Level Annotations

Branches:
Dungeon (1/1)

Altars:


Innate Abilities, Weirdness & Mutations

You are very small and have problems with some larger weapons.
You are too small for most types of armour.
You have supernaturally acute eyesight. (SInv)
You cover ground extremely quickly. (Speed+++)


Message History

The necrophage misses you.
You hit the necrophage.
The necrophage is moderately damaged.
You feel yourself speed up. The necrophage completely misses you.
You hit the necrophage but do no damage.
The necrophage is moderately damaged.
Unknown command.
You hit the necrophage but do no damage.
The necrophage is moderately damaged.
The necrophage barely misses you.
You hit the necrophage but do no damage.
The necrophage is moderately damaged.
You barely miss the necrophage.
The necrophage is moderately damaged.
The necrophage misses you.
You hit the necrophage.
The necrophage is moderately damaged.
The necrophage hits you.
You feel drained.
Unknown command.
You hit the necrophage but do no damage.
The necrophage is moderately damaged.
Unknown command.
You barely miss the necrophage.
The necrophage is moderately damaged.
The necrophage hits you.
* * * LOW HITPOINT WARNING * * *
You hit the necrophage.
The necrophage is heavily damaged.
You hit the necrophage.
The necrophage is heavily damaged.
The necrophage misses you.
Unknown command.
You barely miss the necrophage.
The necrophage is heavily damaged.
Unknown command.
You hit the necrophage.
The necrophage is heavily damaged.
The necrophage hits you.
You die...

## ##.#
#+#
#...##.##
#nn@<.+
#...##.##
##.# #+#
##


You could see 2 necrophages.

Vanquished Creatures
  2 necrophages (D)
2 creatures vanquished.

Notes
Turn   | Place    | Note
-------+----------+-------------------------------------------
     0 | D        | Groucho the Spriggan Enchanter began the quest for the Orb.
     0 | D        | Reached XP level 1. HP: 9/9 MP: 5/5
     1 | D        | Noticed a necrophage
     1 | D        | Noticed a necrophage
     1 | D        | Noticed a necrophage
     1 | D        | Noticed a necrophage
    15 | D        | Killed a necrophage
    16 | D        | Reached skill level 8 in Stealth
    16 | D        | Reached skill level 5 in Hexes
    16 | D        | Reached XP level 2. HP: 10/15 MP: 5/8
    16 | D        | Reached XP level 3. HP: 13/18 MP: 6/10
    16 | D        | Reached XP level 4. HP: 16/23 MP: 6/11
    46 | D        | Killed a necrophage
    47 | D        | Reached skill level 5 in Dodging
    47 | D        | Reached skill level 9 in Stealth
    47 | D        | Reached skill level 5 in Spellcasting
    47 | D        | Reached XP level 5. HP: 14/28 MP: 9/13
    66 | D        | Slain by a necrophage

Illustrated notes

Levels and vault maps discovered:
D:        the_violet_keep_of_menkaure [sprint2_stairs_cluster_1,
          sprint2_shoproom, sprint2_temple, sprint2_basic_supplies,
          sprint2_obstacle_2, sprint2_obstacle_4, sprint2_obstacle_6,
          sprint2_obstacle_1, sprint2_obstacle_7, sprint2_timed_cluster_1,
          sprint2_smallroom_cluster_1, sprint2_smallroom_final_cluster_1,
          sprint2_transparent_cluster_1, sprint2_second_timed_cluster_1,
          sprint2_sniper_area_1, sprint2_heavy_combat_area_1,
          sprint2_mutation_trap_area_1, sprint2_forest_area_1,
          sprint2_light_combat_area_1, sprint2_behind_water_1,
          sprint2_near_end_vault_1]

Skill      XL: |  1  2  3  4 |
---------------+-------------+-----
Fighting       | 2 3 |  3.0
Short Blades   | 3 4 |  4.3
Dodging        | 4 5 |  5.8
Stealth        | 8 9 |  9.8
Spellcasting   | 4 5 |  5.4
Hexes          | 5 |  5.9

Action                   |  1- 3 |  4- 6 || total
-------------------------+-------+-------++-------
Melee: Dagger            |    11 |    48 ||    59
  Use: Potion            |     1 |     3 ||     4
Armor: Robe              |     1 |     1 ||     2
Dodge: Dodged            |     4 |    25 ||    29
